 Dungeon Crawl Stone Soup version 0.30-a0-1116-gebefce21f7 (webtiles) character file.

Game seed: 6459556065366267661

521 jasper the Geomancer (level 7, 0/36 HPs)
             Began as a Deep Elf Earth Elementalist on Apr 22, 2023.
             Was a Follower of Sif Muna.
             Slain by an ice beast (5 damage)
             ... on level 5 of the Dungeon.
             The game lasted 00:04:57 (3580 turns).

jasper the Geomancer (Deep Elf Earth Elementalist)  Turns: 3580, Time: 00:04:58

Health: 0/36       AC:  2    Str:  5    XL:     7   Next: 1%
Magic:  8/13       EV: 12    Int: 22    God:    Sif Muna [*.....]
Gold:   205        SH:  0    Dex: 15    Spells: 3/12 levels left

rFire   . . .      SeeInvis .    e - +1 rapier
rCold   . . .      Faith    .    (no shield)
rNeg    . . .      Spirit   .    a - +0 robe
rPois   .          Reflect  .    (no helmet)
rElec   .          Rampage  .    (no cloak)
rCorr   .                        (no gloves)
Will    .....                    (no boots)
Stlth   ++                       (no amulet)
HPRegen 0.26/turn                (no ring)
MPRegen 0.13/turn                (no ring)

@: no status effects
A: no striking features
a: Renounce Religion, Channel Magic


You were on level 5 of the Dungeon.
You worshipped Sif Muna.
Sif Muna was aware of your devotion.
You visited 1 branch of the dungeon, and saw 5 of its levels.

You collected 205 gold pieces.

Inventory:

Hand Weapons
 e - a +1 rapier (weapon)
Missiles
 g - 14 poisoned darts
Armour
 a - a +0 robe (worn)
Wands
 l - a wand of polymorph (17)
Scrolls
 h - a scroll of silence {unknown}
 i - 2 scrolls of teleportation
 m - 2 scrolls of identify
Potions
 b - 3 potions of berserk rage
 c - a potion of curing
 d - 2 potions of cancellation {unknown}
 f - 2 potions of flight {unknown}
 j - 4 potions of invisibility {unknown}
 k - a potion of lignification {unknown}
 p - 2 potions of degeneration {unknown}
 q - a potion of brilliance {unknown}


   Skills:
 - Level 2.4 Dodging
 - Level 2.4 Stealth
 - Level 3.0 Spellcasting
 + Level 3.4 Conjurations
 - Level 1.1 Transmutations
 - Level 8.0 Earth Magic


You had 3 spell levels left.
You knew the following spells:

 Your Spells              Type           Power      Damage    Failure   Level
a - Sandblast             Erth           76%        2d16      1%          1
b - Passwall              Tmut/Erth      19%        N/A       3%          2
c - Stone Arrow           Conj/Erth      56%        3d10      3%          3
d - Mephitic Cloud        Conj/Pois/Air  8%         N/A       24%         3

Your spell library contained the following spells:

 Spells                   Type           Power      Damage    Failure   Level
 Magic Dart               Conj           72%        1d6       3%          1
 Call Imp                 Summ           6%         N/A       19%         2
 Dazzling Flash           Conj/Hex       20%        N/A       19%         3
 Vhi's Electric Charge    Tloc/Air       6%         N/A       36%         3
 Volatile Blastmotes      Fire/Tloc      6%         2d10      36%         3
 Petrify                  Tmut/Erth      23%        N/A       19%         4
 Iskenderun's Mystic Bla  Conj/Tloc      10%        2d4       52%         4
 Arcjolt                  Conj/Air       5%         1d15      86%         5
 Plasma Beam              Fire/Air       1%         2x1d12    100%        6
 Starburst                Conj/Fire      5%         6d4       100%        6


Dungeon Overview and Level Annotations

Branches:
Dungeon (5/15)
 Temple: D:4-7

Altars:
Kikubaaqudgha
Makhleb
Sif Muna
Uskayaw
Wu Jian


Message History

You now have 11/13 mp.
Aiming: Sandblast (safe; 1% risk of failure)
Press: ? - help, Q - select action, (/) - cycle Shift-Dir - straight line, f - ice beast
Aim: an ice beast (84% to hit)
The blast of sand hits the ice beast but does no damage.
You now have 10/13 mp.
Aiming: Sandblast (safe; 1% risk of failure)
Press: ? - help, Q - select action, (/) - cycle Shift-Dir - straight line, f/p - ice beast
Aim: an ice beast (84% to hit)
The blast of sand hits the ice beast!
The ice beast is moderately wounded.
The ice beast hits you. The ice beast freezes you! The ice beast hits you.
The ice beast freezes you!
You take 23 damage, and have 13/36 hp.
MASSIVE DAMAGE!!
You now have 9/13 mp.
Aiming: Sandblast (safe; 1% risk of failure)
Press: ? - help, Q - select action, (/) - cycle Shift-Dir - straight line, f/p - ice beast
Aim: an ice beast (moderately wounded, 84% to hit)
The blast of sand hits the ice beast but does no damage.
The ice beast is moderately wounded.
The ice beast hits you. The ice beast freezes you!
* * * LOW HITPOINT WARNING * * *
You take 10 damage, and have 3/36 hp.
MASSIVE DAMAGE!!
You now have 8/13 mp.
Okay, then.
Okay, then.
You feel better. The ice beast hits you.
* * * LOW HITPOINT WARNING * * *
The ice beast freezes you!
* * * LOW HITPOINT WARNING * * *
You take 2 damage, and have 1/36 hp.
You feel better. The ice beast completely misses you.
You regained 7 hp, and now have 8/36 hp.
Aiming: Sandblast (safe; 1% risk of failure)
Press: ? - help, Q - select action, (/) - cycle Shift-Dir - straight line, f/p - ice beast
Aim: an ice beast (moderately wounded, 84% to hit)
The blast of sand hits the ice beast!!
The ice beast is almost dead.
The ice beast hits you.
* * * LOW HITPOINT WARNING * * *
The ice beast freezes you.
You die...

...# # ##.# .# #.# #
##.#####..#.# #.# .#
.....>........ ..# #.
#...#.##............
#...#.##..#.#.##.#.# #
....#.##..#.#.##.#.#.###
.................)......
......##..###.##@Y......
...##.##..# #.##.#.#.###
...##.....# #.##.#.#.##
.. #####.###...........
.#.######...)........###
...................#.#
#.#######.#####.### #
#.# #.# #.# #.#


You could see an ice beast.

Vanquished Creatures
  Sigmund (D:3)
  A centaur (D:5)
  A scorpion (D:4)
  A jelly (D:4)
  5 gnolls
  5 adders
  An ufetubus (D:5)
  3 worms
  4 dart slugs
  3 orcs
  8 endoplasms
  5 giant cockroaches
  7 goblins
  6 hobgoblins
  4 jackals (D:1)
  5 quokkas
  9 ball pythons
  4 bats
  5 frilled lizards
  9 kobolds
  3 rats
90 creatures vanquished.

Notes
Turn   | Place    | Note
-------+----------+-------------------------------------------
     0 | D:1      | jasper the Deep Elf Earth Elementalist began the quest for
                  | the Orb.
     0 | D:1      | Reached XP level 1. HP: 10/10 MP: 6/6
   101 | D:1      | Found a faded altar of an unknown god.
   121 | D:1      | Reached XP level 2. HP: 8/15 MP: 4/8
   124 | D:1      | Learned a level 2 spell: Passwall
   176 | D:1      | Reached skill level 4 in Earth Magic
   476 | D:1      | Reached XP level 3. HP: 19/19 MP: 6/9
   480 | D:1      | Learned a level 3 spell: Stone Arrow
  1322 | D:2      | Reached skill level 5 in Earth Magic
  1689 | D:2      | Reached XP level 4. HP: 24/24 MP: 7/10
  1769 | D:2      | Reached skill level 6 in Earth Magic
  2068 | D:3      | Noticed Sigmund
  2071 | D:3      | Killed Sigmund
  2072 | D:3      | Reached skill level 7 in Earth Magic
  2072 | D:3      | Reached XP level 5. HP: 28/28 MP: 6/11
  2072 | D:3      | Reached XP level 6. HP: 32/32 MP: 6/12
  2339 | D:3      | Found a shimmering blue altar of Sif Muna.
  2343 | D:3      | Became a worshipper of Sif Muna the Loreminder
  2739 | D:4      | Found a burning altar of Makhleb.
  2739 | D:4      | Found an ornate altar of the Wu Jian Council.
  2741 | D:4      | Found an ancient bone altar of Kikubaaqudgha.
  2770 | D:4      | Found a hide-covered altar of Uskayaw.
  2887 | D:4      | Learned a level 3 spell: Mephitic Cloud
  3173 | D:4      | Reached skill level 8 in Earth Magic
  3173 | D:4      | Reached skill level 1 in Conjurations
  3262 | D:4      | Reached * piety under Sif Muna
  3495 | D:5      | Entered Level 5 of the Dungeon
  3572 | D:5      | Noticed an ice beast
  3575 | D:5      | Reached XP level 7. HP: 36/36 MP: 11/13
  3578 | D:5      | HP: 1/36 [ice beast (9)]
  3580 | D:5      | Slain by an ice beast

Illustrated notes

Levels and vault maps discovered:
D:1:      dpeg_arrival_solitude, layout_basic,
          hellmonk_ecumenical_altar_run_dry, nrook_mini_backslash,
          nicolae_titane
D:2:      layout_loops_corners, serial_glass, glass_columns_c, glass_columns_a,
          minmay_tromino_i4
D:3:      layout_loops_cross, lemuel_blue_sif_altar, corexii_shack, uniq_sigmund
D:4:      layout_loops_ring, nicolae_overflow_quartered_altars,
          minmay_misc_feat_ornament
D:5:      layout_basic, uniq_prince_ribbit1

Skill      XL: |  1  2  3  4  5  6 |
---------------+-------------------+-----
Earth Magic    | 4 5 7 8 |  8.0
Conjurations   | 3 |  3.4
Dodging        | |  2.4
Stealth        | |  2.4
Spellcasting   | |  3.0
Transmutations | |  1.1

Action                     |  1- 3 |  4- 6 |  7- 9 || total
---------------------------+-------+-------+-------++-------
  Melee: Rapier            |       |     4 |       ||     4
  Throw: Dart              |       |     1 |       ||     1
   Cast: Sandblast         |    59 |    59 |     4 ||   122
    Use: Potion            |     1 |       |     2 ||     3
         Scroll            |       |     7 |       ||     7
 Armour: Robe              |    14 |     3 |       ||    17
  Dodge: Dodged            |    30 |     9 |     1 ||    40

Table legend: (Time is in decaauts)
 A = Elapsed time spent in this place.
 B = Non-inter-level travel time spent in this place.
 C = Inter-level travel time spent in this place.
 D = Time resting spent in this place.
 E = Time spent auto-exploring this place.
 F = Levels seen in this place.
 G = Mean time per level.
                   A        B        C        D        E       F      G
               +--------+--------+--------+--------+--------+-----+--------+
         Total |   3639 |   3562 |     77 |      0 |   3074 |   5 |  727.8 |
       Dungeon |   3639 |   3562 |     77 |      0 |   3074 |   5 |  727.8 |
               +--------+--------+--------+--------+--------+-----+--------+

Top non-repeatable levels by time:
     D:2: 1033 daAuts
     D:1: 989 daAuts
     D:4: 786 daAuts
     D:3: 742 daAuts
     D:5: 88 daAuts
